 Dungeon Crawl Stone Soup version 0.20-a0-945-g3bf614a (webtiles) character file.

1730 Lifeless the Protected (level 9, -3/64 HPs)
             Began as a Human Wanderer on Apr 1, 2017.
             Slain by an orc warrior
             ... wielding a +1 glaive of chopping
              (20 damage)
             ... on level 6 of the Dungeon.
             The game lasted 00:42:58 (6533 turns).

Lifeless the Protected (Human Wanderer)             Turns: 6533, Time: 00:42:58

Health: -3/64      AC: 11    Str: 13    XL:     9   Next: 25%
Magic:  9/9        EV: 11    Int: 11    God:
Gold:   169        SH:  4    Dex: 17    Spells: 8/8 levels left

rFire    . . .     SeeInvis .   b - +0 scimitar
rCold    . . .     Gourm    .   (no shield)
rNeg     . . .     Faith    .   a - +2 scale mail
rPois    +         Spirit   .   j - +0 helmet
rElec    .         Reflect  +   (no cloak)
rCorr    .         Harm     .   (no gloves)
MR       +....                  (no boots)
Stlth    +.........             z - +4 amulet of reflection
Regen    0.2/turn               m - ring of poison resistance
MPRegen  0.2/turn               r - ring of protection from magic

@: about to teleport
A: no striking features
a: no special abilities


You were on level 6 of the Dungeon.
You were not hungry.

You visited 2 branches of the dungeon, and saw 7 of its levels.

You collected 169 gold pieces.

Inventory:

Hand Weapons
 b - a +0 scimitar (weapon)
Missiles
 h - 34 stones
 w - a steel tomahawk (quivered)
Armour
 a - a +2 scale mail (worn)
 j - a +0 helmet (worn)
Jewellery
 c - an uncursed ring of positive energy
 m - a ring of poison resistance (left hand)
 p - a +2 ring of strength
 r - a ring of protection from magic (right hand)
 z - a +4 amulet of reflection (around neck)
Wands
 t - a wand of lightning (10/15)
 v - a wand of digging (11/24)
Scrolls
 e - a scroll of teleportation
 i - a scroll of identify
 k - 2 scrolls of enchant armour {unknown}
 l - 2 scrolls of remove curse
 q - a scroll of immolation {unknown}
 s - a scroll of magic mapping {unknown}
 u - a scroll of fear {unknown}
 x - a scroll of blinking {unknown}
 y - 2 scrolls of random uselessness {unknown}
Potions
 d - 2 potions of lignification {unknown}
 g - 2 potions of flight
 o - a potion of berserk rage {unknown}
 A - a potion of degeneration {unknown}
Comestibles
 f - 4 bread rations
 n - 6 meat rations
 B - a royal jelly
 C - 7 chunks of flesh
 D - a fruit


   Skills:
 + Level 3.2 Fighting
   Level 4.0(5.1) Short Blades
 + Level 4.8(5.5) Long Blades
   Level 0.2 Maces & Flails
   Level 1.0 Crossbows
 + Level 4.6 Throwing
 + Level 9.0 Armour
 + Level 3.5 Dodging
 + Level 1.5 Stealth
 + Level 1.0 Evocations


You had 8 spell levels left.
You didn't know any spells.

Dungeon Overview and Level Annotations

Branches:
Dungeon (6/15)             Temple (1/1) D:5

Altars:
Cheibriados
Dithmenos
Elyvilon
Fedhas
Gozag
Hepliaklqana
Kikubaaqudgha
Makhleb
Nemelex Xobeh
Okawaru
Qazlal
Ru
Sif Muna
Trog
Uskayaw
Vehumet
Wu Jian
Xom
Yredelemnul


Message History

The orc warrior closely misses you.
You barely miss the orc warrior.
The orc warrior is lightly wounded.
The orc warrior closely misses you.
You riposte.
You hit the orc warrior but do no damage.
The orc warrior is lightly wounded.
You hit the orc warrior.
The orc warrior is lightly wounded.
The orc warrior barely misses you.
Your scale mail prevents you from hitting the orc warrior.
The orc warrior is lightly wounded.
The orc warrior hits you with a glaive of chopping!
You hit the orc warrior.
The orc warrior is moderately wounded.
The orc warrior hits you with a glaive of chopping!
* * * LOW HITPOINT WARNING * * *
x2
As you read the scroll of teleportation, it crumbles to dust.
You feel strangely unstable.
The orc warrior hits you with a glaive of chopping!!
You die...

#### #.#...... ...
#.#.#[...
######.##.#.#.#..
.................
#####..#.#.#.#..
#..#.#.#.... #####
####..#.#.#.#<.
.....{####.....#.#.#.#.#
....oYo@.......#.#.#....
....Yr###......#.#.###..
..... ##......#.#.. ...
.... #.......#.### ###
... #.....#.# ..
#.....#.# . #.....#.#
#.....#.# #........


You could see an orc warrior, 2 sky beasts, an orc and a quokka.

Vanquished Creatures
  Pikel (D:3)
  Sigmund (D:5)
  The ghost of Lifeless the Sneak, an amateur HuWn of the Shining One (D:4)
  Edmund (D:5)
  Duvessa (D:5)
  An orc warrior (D:4)
  A slave (D:3)
  Blork the orc (D:4)
  Dowan (D:5)
  2 scorpions (D:5)
  3 crimson imps
  A hound (D:5)
  A centaur skeleton (D:5)
  2 orc wizards
  Ijyb (D:3)
  2 worker ants
  A hound skeleton (D:4)
  A howler monkey zombie (D:3)
  Robin (D:2)
  5 adders
  A shadow imp (D:5)
  2 worms (D:2)
  3 dart slugs (D:1)
  4 leopard geckos
  6 orcs
  4 giant cockroaches
  16 goblins
  11 hobgoblins
  16 jackals
  4 quokkas
  10 bats
  10 frilled lizards
  5 kobolds
  6 rats
127 creatures vanquished.

Vanquished Creatures (others)
  A howler monkey (D:4)
  A hound skeleton (D:4)
  A plant (D:3)
3 creatures vanquished.

Grand Total: 130 creatures vanquished

Notes
Turn   | Place    | Note
-------+----------+-------------------------------------------
     0 | D:1      | Lifeless the Human Wanderer began the quest for the Orb.
     0 | D:1      | Lifeless set off with: a +2 scale mail, a potion of curing, 10 poisoned needles, a +0 blowgun, a bread ration
     0 | D:1      | Reached XP level 1. HP: 13/13 MP: 1/1
   134 | D:1      | Reached XP level 2. HP: 19/19 MP: 2/2
   709 | D:1      | Reached XP level 3. HP: 21/24 MP: 3/3
  1403 | D:2      | Reached skill level 1 in Dodging
  1432 | D:2      | Noticed Robin
  1447 | D:2      | Killed Robin
  1447 | D:2      | Reached XP level 4. HP: 20/31 MP: 4/4
  1644 | D:2      | Reached skill level 1 in Fighting
  1933 | D:2      | Reached skill level 1 in Short Blades
  2615 | D:3      | Reached XP level 5. HP: 36/37 MP: 5/5
  3132 | D:3      | Noticed Ijyb
  3147 | D:3      | Killed Ijyb
  3303 | D:3      | Reached XP level 6. HP: 43/43 MP: 6/6
  3367 | D:4      | Noticed Pikel
  3367 | D:4      | Noticed a slave
  3367 | D:4      | Noticed a slave
  3367 | D:4      | Noticed a slave
  3367 | D:4      | Noticed a slave
  3396 | D:3      | Killed a slave
  3427 | D:3      | HP: 2/43 [Pikel/whip of flaming (1)]
  3481 | D:3      | Killed Pikel
  3481 | D:3      | Reached skill level 8 in Armour
  3481 | D:3      | Reached XP level 7. HP: 8/49 MP: 7/7
  3801 | D:4      | Noticed Blork the orc
  3807 | D:4      | Killed Blork the orc
  3829 | D:4      | Found a stormy altar of Qazlal.
  3885 | D:4      | Reached XP level 8. HP: 29/56 MP: 8/8
  3983 | D:4      | Noticed Lifeless's ghost (amateur HuWn)
  4158 | D:4      | Killed Lifeless's ghost
  4158 | D:4      | Reached skill level 1 in Long Blades
  4158 | D:4      | Reached skill level 1 in Stealth
  4204 | D:4      | Got a fine dagger
  4205 | D:4      | Identified the +3 dagger "Qexzotuc" {antimagic, rN+} (You found it on level 4 of the Dungeon)
  4454 | D:4      | You fall through a shaft!
  4454 | D:5      | Entered Level 5 of the Dungeon
  4500 | D:5      | Noticed Sigmund
  4838 | D:5      | Noticed Edmund
  4850 | D:5      | Killed Edmund
  4972 | D:5      | Found a bloodstained altar of Trog.
  5002 | D:5      | Found a faded altar of an unknown god.
  5002 | D:5      | Found a hide-covered altar of Uskayaw.
  5013 | D:5      | Found a sacrificial altar of Ru.
  5015 | D:5      | Found a white marble altar of Elyvilon.
  5017 | D:5      | Found a faded altar of an unknown god.
  5325 | D:5      | Killed Sigmund
  5325 | D:5      | Reached XP level 9. HP: 42/62 MP: 9/9
  5590 | D:5      | Noticed Duvessa
  5591 | D:5      | Noticed Dowan
  5630 | D:5      | Killed Duvessa
  6017 | D:5      | Killed Dowan
  6104 | D:5      | Found a staircase to the Ecumenical Temple.
  6121 | Temple   | Entered the Ecumenical Temple
  6499 | D:6      | Reached skill level 9 in Armour
  6533 | D:6      | Slain by an orc warrior

Vault maps used:
D:1:      dpeg_arrival_yet_another_circle, chequers_big_river
D:2:      serial_forest, infiniplex_forest_lined_3, infiniplex_forest_zigzag_1,
          infiniplex_forest_clump_curved, infiniplex_forest_lined_corner,
          infiniplex_forest_clump_curved, uniq_robin
D:3:      serial_bayou_ford_a, kennysheep_pointless_box, uniq_iyjb
D:4:      hangedman_decor_growths, nicolae_qazlal_general_emergency,
          uniq_blork_the_orc, uniq_pikel
D:5:      kennysheep_spiral_hall, chequers_temple_overflow_minitemple,
          minmay_temple_entry_junction_2, first_bread, basic_altar, uniq_edmund,
          uniq_sigmund, uniq_duvessa
D:6:      nicolae_overflow_crystal_walls, nicolae_tso_swordbearing_angel
Temple:   regret_index_temple_generic_petals

Skill      XL: |  1  2  3  4  5  6  7  8  9 |
---------------+----------------------------+-----
Dodging        | 1 2 3 |  3.5
Fighting       | 1 2 3 |  3.2
Short Blades   | 1 2 3 4 |  4.0
Throwing       | 2 3 4 |  4.6
Armour         | 8 9 |  9.0
Long Blades    | 4 |  4.8
Stealth        | 1 |  1.5
Maces & Flails | |  0.2
Crossbows      | |  1.0
Evocations     | |  1.0

Action                   |  1- 3 |  4- 6 |  7- 9 || total
-------------------------+-------+-------+-------++-------
Melee: Club              |    59 |       |       ||    59
       Dagger            |   114 |   222 |     7 ||   343
       Scimitar          |       |       |   282 ||   282
 Fire: Blowgun           |    11 |       |       ||    11
Throw: Stone             |     6 |    82 |    55 ||   143
       Tomahawk          |       |    16 |    32 ||    48
  Use: Scroll            |       |     3 |     3 ||     6
       Potion            |       |     6 |     2 ||     8
  Eat: Chunk             |     2 |     2 |     7 ||    11
       Bread ration      |       |     1 |     1 ||     2
Armor: Scale mail        |    66 |    86 |   135 ||   287
Dodge: Dodged            |    84 |    70 |   137 ||   291
Block: Other             |       |       |    29 ||    29
       Reflection        |       |       |     1 ||     1
       Rpst.: Scimitar   |       |       |    42 ||    42
